 Dungeon Crawl Stone Soup version 0.31-a0-557-g6e16503903 (webtiles) character file.

Game seed: 9687664634043118741

1513 ytrimaz the Covert (level 8, -5/48 HPs)
             Began as an Octopode Shapeshifter on Aug 16, 2023.
             Was an Initiate of Ashenzari.
             Slain by a white ugly thing (7 damage)
             ... on level 6 of the Dungeon.
             The game lasted 00:07:00 (4584 turns).

ytrimaz the Covert (Octopode Shapeshifter)          Turns: 4584, Time: 00:07:00

Health: -5/48      AC:  9    Str: 14    XL:     8   Next: 83%
Magic:  8/8        EV: 13    Int: 16    God:    Ashenzari [......]
Gold:   233        SH:  0    Dex: 15    Spells: 7/7 levels left

rFire   + .          .
                       - Unarmed
rCold   . . .        (no shield)
rNeg    + . .        (helmet currently unavailable)
rPois   .            d - amulet of the acrobat
rElec   .            l - +6 ring of intelligence
rCorr   .            k - ring of positive energy
SInv    .            p - +4 ring of protection
Will    .....        q - +4 ring of slaying
Stlth   ++++++       u - +4 ring of protection
HPRegen 0.28/turn    x - ring of protection from fire
MPRegen 0.11/turn    (no ring)
                     (no ring)

%: acrobat
@: beast-form, hasted, very quick
A: beast (slay +4), almost no armour, amphibious, 8 rings, camouflage 1,
gelatinous body 1, (nimble swimmer 1), tentacles
a: Begin Untransformation, Renounce Religion


You were on level 6 of the Dungeon.
You worshipped Ashenzari.
Ashenzari was noncommittal.
You were a hulking beast.
You visited 2 branches of the dungeon, and saw 7 of its levels.
You also visited: Sewer.

You collected 233 gold pieces.


Innate Abilities, Weirdness & Mutations

You are a hulking beast.
Your limbs bulge with bestial killing power. (Slay +4)
You cannot wear most types of armour.
You are amphibious.
You can wear up to eight rings at the same time.
Your skin changes colour to match your surroundings (Stealth+).
Your rubbery body absorbs attacks. (AC +1, EV +1)
((You are camouflaged when in or above water. (Stealth+)))
You have tentacles for arms and can constrict up to eight enemies at once.


   Skills:
 - Level 1.0 Fighting
 - Level 2.3 Dodging
 + Level 12.1 Stealth
 - Level 3.0 Unarmed Combat
 - Level 6.0 Shapeshifting


You had 7 spell levels left.
You didn't know any spells.
Your spell library contained the following spells:

 Spells                   Type           Power      Damage    Failure   Level
 Freeze                   Ice            0%         1d3       26%         1
 Summon Small Mammal      Summ           0%         N/A       26%         1
 Call Canine Familiar     Summ           0%         N/A       58%         3
 Frozen Ramparts          Ice            0%         1d1       58%         3
 Hailstorm                Conj/Ice       0%         3d3       58%         3
 Summon Guardian Golem    Hex/Summ       0%         N/A       58%         3
 Vhi's Electric Charge    Tloc/Air       0%         N/A       58%         3
 Olgreb's Toxic Radiance  Pois           0%         N/A       94%         4
 Arcjolt                  Conj/Air       0%         1d10      100%        5
 Plasma Beam              Fire/Air       0%         2x1d10    100%        6
 Discord                  Hex            0%         N/A       100%        8
 Ignition                 Fire           0%         3d3       100%        8
 Maxwell's Capacitive Co  Air            0%         ∞         100%        8

Inventory:

Jewellery
 d - an amulet of the acrobat (around mantle)
   (You found it on level 1 of the Dungeon)
 k - a ring of positive energy (right tentacle)
   (You found it on level 2 of the Dungeon)
 l - a +6 ring of intelligence (left tentacle)
   (You found it on level 2 of the Dungeon)
 p - a +4 ring of protection (on tentacle)
   (You found it on level 3 of the Dungeon)
 q - a +4 ring of slaying (on tentacle)
   (You found it on level 4 of the Dungeon)
 u - a +4 ring of protection (on tentacle)
   (You found it on level 4 of the Dungeon)
 x - a ring of protection from fire (on tentacle)
   (You found it on level 5 of the Dungeon)
 y - an amulet of reflection
   (You found it on level 5 of the Dungeon)
Talismans
 b - a beast talisman (active)
 c - a flux talisman
 v - a serpent talisman
   (You found it on level 4 of the Dungeon)
 z - a maw talisman
   (You found it on level 5 of the Dungeon)
Wands
 C - a wand of paralysis (2) (quivered)
   (You found it in a sewer)
 E - a wand of polymorph (5)
   (You found it in a sewer)
Scrolls
 e - 2 scrolls of teleportation
 f - 2 scrolls of enchant weapon
 n - 2 scrolls of revelation
 s - 2 scrolls of fear {unknown}
 D - 2 scrolls of fog
Potions
 a - a potion of magic
 i - 2 potions of haste
 j - a potion of cancellation
 m - a potion of curing
 o - a potion of berserk rage
 r - a potion of attraction
 t - 2 potions of mutation
 w - a potion of enlightenment {unknown}
 A - a potion of invisibility {unknown}
 B - a potion of might {unknown}

Dungeon Overview and Level Annotations

Branches:
Dungeon (6/15) Zot: 26496  Temple (1/1) D:5 Zot: 5988   Sewer (visited)

Altars:
Ashenzari
Dithmenos
Elyvilon
Fedhas
Kikubaaqudgha
Makhleb
Nemelex Xobeh
Okawaru
Qazlal
Ru
Sif Muna
Trog
Uskayaw
Vehumet
Wu Jian
Yredelemnul
The Shining One

Shops:
D:1 [   D:3 =([==   D:5 *

Annotations:
D:4 2 runed translucent doors, Crazy Yiuf; IdlyInterested's ghost, novice DsSh

### ###
#.#####.##
#........####
#.#####.....#
#.#####..##.#
#.#......##.#
#.#.###..[..#
#h#........##
#u###.....u>..#
#.#.#.........#
#.#............
#.#.#.##.##..##
#.#.#.##.# ..#
#..†.....# .#
##########


You could see a white ugly thing.


Message History

You take 1 damage, and now have 15/48 hp.
Unknown command.
Okay, then.
You tentacle-slap the killer bee.
You kill the killer bee!
You feel sick.
Unknown command. 😨 HP[-1]
You take 1 damage, and now have 14/48 hp.
You feel sick.
You feel sick.
You feel sick.
You feel sick.
You feel sick.
You are no longer poisoned.
Key pressed, stopping explore.
Unknown command. 😨 HP[+7]
You regained 7 hp, and now have 21/48 hp.
An ogre comes into view.
It is wielding a +0 giant spiked club. 😮 HP[+8]
You regained 8 hp, and now have 29/48 hp.
An ogre is nearby!
An ogre is nearby! 😮 HP[+1]
You start resting. 😎 HP[+18]
Your hp is fully restored (48).
Unknown command.
A scorpion comes into view.
The scorpion moves out of view.
A scorpion is nearby!
Things that are here:
a killer bee corpse; a killer bee corpse A scorpion is nearby!
The scorpion misses you.
You bludgeon the scorpion! You grab the scorpion. You constrict the scorpion.
You bludgeon the scorpion!
You constrict the scorpion, but do no damage.
The scorpion closely misses you.
You tentacle-slap the scorpion.
You kill the scorpion!
Your Stealth skill increases to level 12!
No target in view!
Things that are here:
a killer bee corpse; a killer bee corpse
Aiming: Bolt of Light
Press: ? - help, Q - select action, (/) - cycle Shift-Dir - straight line, f - white ugly thing
Aim: a white ugly thing (71% to hit)
The bolt of light hits the white ugly thing!
The white ugly thing is blinded.
Aiming: Bolt of Light
Press: ? - help, Q - select action, (/) - cycle Shift-Dir - straight line, f/p - white ugly thing
Aim: a white ugly thing (moderately wounded, wandering, blind, hasn't noticed you, 71% to hit)
The bolt of light hits the white ugly thing!
Aiming: Bolt of Light
Press: ? - help, Q - select action, (/) - cycle Shift-Dir - straight line, f/p - white ugly thing
Aim: a white ugly thing (moderately wounded, wandering, blind, hasn't noticed you, 71% to hit)
The bolt of light hits the white ugly thing!
The white ugly thing gurgles horribly!
Aiming: Bolt of Light
Press: ? - help, Q - select action, (/) - cycle Shift-Dir - straight line, f/p - white ugly thing
Aim: a white ugly thing (heavily wounded, wandering, blind, hasn't noticed you, 71% to hit)
The bolt of light misses the white ugly thing.
Aiming: Bolt of Light
Press: ? - help, Q - select action, (/) - cycle Shift-Dir - straight line, f/p - white ugly thing
Aim: a white ugly thing (heavily wounded, wandering, blind, hasn't noticed you, 71% to hit)
The bolt of light hits the white ugly thing!
The white ugly thing gurgles horribly!
The white ugly thing tentacle-slaps you.
The white ugly thing freezes you!!
Ouch! That really hurt!
* * * LOW HITPOINT WARNING * * *
😨 HP[-27]
You take 27 damage, and now have 21/48 hp.
MASSIVE DAMAGE!! (PAUSE)
Aiming: Bolt of Light
Press: ? - help, Q - select action, (/) - cycle Shift-Dir - straight line, f/p - white ugly thing
Aim: a white ugly thing (severely wounded, blind, 71% to hit)
The bolt of light hits the white ugly thing!
The now-empty wand crumbles to dust.
The white ugly thing is no longer blind.
The white ugly thing tentacle-slaps you.
* * * LOW HITPOINT WARNING * * *
The white ugly thing freezes you!
* * * LOW HITPOINT WARNING * * *
😱 HP[-19]
You take 19 damage, and now have 2/48 hp.
MASSIVE DAMAGE!! (PAUSE) Unknown command.
Unknown command.
Unknown command.
Okay, then.
You feel yourself speed up. The white ugly thing barely misses you.
Aiming: Paralyse
Press: ? - help, Q - select action, (/) - cycle Shift-Dir - straight line, f/p - white ugly thing
Aim: a white ugly thing (severely wounded, chance to affect: 31%)
The white ugly thing easily resists.
The white ugly thing tentacle-slaps you!
You die...

Skill      XL: |  1  2  3  4  5  6  7  8 |
---------------+-------------------------+-----
Stealth        | 1 2 4 8 12 | 12.1
Shapeshifting  | 5 6 |  6.0
Fighting       | |  1.0
Dodging        | |  2.3
Unarmed Combat | |  3.0

Action                     |  1- 3 |  4- 6 |  7- 9 || total
---------------------------+-------+-------+-------++-------
  Melee: Unarmed           |    37 |    99 |    87 ||   223
         Constrict         |     3 |    32 |    16 ||    51
         Tentacles         |     2 |    14 |    21 ||    37
         Punch             |       |     7 |     2 ||     9
  Evoke: Wand              |       |       |     7 ||     7
    Use: Potion            |     1 |     1 |     4 ||     6
         Scroll            |       |    11 |     2 ||    13
   Stab: Sleeping          |     6 |    11 |    12 ||    29
 Armour: Skin              |     8 |    18 |    27 ||    53
  Dodge: Dodged            |    11 |    82 |    48 ||   141
  Block: Other             |       |       |     4 ||     4

Levels and vault maps discovered:
D:1:      dpeg_arrival_pits, layout_loops_ring, serial_shops, shop, hex_tiny
D:2:      layout_rooms, basic_altar, uniq_sigmund
D:3:      kennysheep_goblin_castle, layout_loops_cross, led_sif_pool,
          serial_shops, nicolae_shop_gaudy_bauble, shop,
          nicolae_shop_statue_plus, nicolae_shop_tiny_glass, shop, uniq_robin,
          uniq_natasha
D:4:      layout_basic, nemelex_diamond_rough_becter,
          ebering_ghost_reflecting_pool, uniq_crazy_yiuf_cottage
D:5:      layout_loops_ring, minmay_temple_entry_overgrown, serial_shops,
          nicolae_shop_tiny_statue_garden, gup_sewer_entry_pipe
D:6:      hangedman_cross_stitches, layout_basic,
          mainiacjoe_overflow_small_starburst
Temple:   minmay_freezing_vapour_temple

Notes
Turn   | Place    | Note
-------+----------+-------------------------------------------
     0 | D:1      | ytrimaz the Octopode Shapeshifter began the quest for the
                  | Orb.
     0 | D:1      | Reached XP level 1. HP: 13/13 MP: 1/1
     0 | D:1      | magus.rc [v1.9.6]
    32 | D:1      | Found Aropt's Antique Armour Emporium.
   174 | D:1      | You pick up a book of Callings and begin reading...
   174 | D:1      | You add the spells Summon Small Mammal, Call Canine
                  | Familiar and Summon Guardian Golem to your library.
   216 | D:1      | Reached skill level 1 in Stealth
   398 | D:1      | Reached XP level 2. HP: 18/18 MP: 2/2
   404 | D:1      | Reached skill level 2 in Stealth
   746 | D:2      | Noticed Sigmund
   770 | D:2      | Killed Sigmund
   771 | D:2      | Reached skill level 5 in Shapeshifting
   771 | D:2      | Reached XP level 3. HP: 23/23 MP: 3/3
   771 | D:2      | Reached XP level 4. HP: 28/28 MP: 4/4
   771 | D:2      | Reached XP level 5. HP: 33/33 MP: 5/5
   822 | D:2      | Found a shadowy altar of Dithmenos.
   864 | D:2      | You add the spells Vhi's Electric Charge, Arcjolt and
                  | Maxwell's Capacitive Coupling to your library.
  1129 | D:3      | Found Fifrirec's Jewellery Shoppe.
  1148 | D:3      | Found Cusaw's Weapon Emporium.
  1177 | D:3      | You add the spells Olgreb's Toxic Radiance, Ignition and
                  | Discord to your library.
  1237 | D:3      | Reached XP level 6. HP: 32/38 MP: 6/6
  1348 | D:3      | Found a shimmering blue altar of Sif Muna.
  1532 | D:3      | Found Guihifid's Jewellery Emporium.
  1621 | D:3      | Found Ygerphapu's Jewellery Shoppe.
  1740 | D:3      | Found Haneeq's Antique Armour Shop.
  1744 | D:3      | Noticed Natasha
  1764 | D:3      | Killed Natasha
  2037 | D:3      | Reached skill level 3 in Stealth
  2049 | D:3      | Noticed Robin
  2083 | D:3      | Killed Robin
  2357 | D:4      | You pick up a book of Lightning and begin reading...
  2682 | D:4      | Found a runed translucent door.
  2694 | D:4      | Noticed IdlyInterested's ghost (novice DsSh)
  2755 | D:4      | Found a sparkling altar of Nemelex Xobeh.
  3020 | D:4      | Found a runed translucent door.
  3021 | D:4      | Noticed Crazy Yiuf
  3153 | D:5      | Entered Level 5 of the Dungeon
  3195 | D:5      | Reached skill level 4 in Stealth
  3195 | D:5      | Reached skill level 6 in Shapeshifting
  3195 | D:5      | Reached XP level 7. HP: 43/43 MP: 7/7
  3273 | D:5      | Reached skill level 5 in Stealth
  3353 | D:5      | Found a staircase to the Ecumenical Temple.
  3373 | D:5      | Reached skill level 6 in Stealth
  3472 | D:5      | Found Ammegg's Assorted Antiques.
  3528 | D:5      | Found a glowing drain.
  3540 | D:5      | Reached skill level 7 in Stealth
  3549 | Sewer    | Entered a sewer
  3553 | Sewer    | Noticed Pargi
  3560 | Sewer    | Killed Pargi
  3652 | Sewer    | You pick up a book of Frost and begin reading...
  3652 | Sewer    | You add the spells Freeze, Frozen Ramparts and Hailstorm to
                  | your library.
  3718 | D:5      | Reached skill level 8 in Stealth
  3718 | D:5      | Reached XP level 8. HP: 48/48 MP: 8/8
  3808 | D:5      | Reached skill level 9 in Stealth
  4062 | Temple   | Entered the Ecumenical Temple
  4068 | Temple   | Became a worshipper of Ashenzari the Shackled
  4168 | D:6      | Noticed a wraith
  4184 | D:6      | Killed a wraith
  4185 | D:6      | Reached skill level 10 in Stealth
  4223 | D:6      | Noticed a white ugly thing
  4228 | D:6      | Reached skill level 11 in Stealth
  4229 | D:6      | HP: 5/72 [white ugly thing (28)]
  4236 | D:6      | HP: 4/48 [white ugly thing (24)]
  4398 | D:6      | HP: 12/48 [poisoned by a killer bee]
  4570 | D:6      | Reached skill level 12 in Stealth
  4582 | D:6      | HP: 2/48 [white ugly thing (17)]
  4584 | D:6      | Slain by a white ugly thing

Vanquished Creatures
  Sigmund (D:2)
  A wraith (D:6)
  Pargi (Sewer)
  A black bear (D:6)
  An ogre (D:5)
  A phantom (D:5)
  A kobold brigand (D:6)
  3 scorpions
  3 killer bees (D:6)
  A howler monkey (D:5)
  5 hounds
  A jelly (D:5)
  An orc priest (D:3)
  Natasha (D:3)
  2 iguanas (D:6)
  Robin (D:3)
  6 adders
  A dart slug (D:4)
  8 orcs
  5 endoplasms
  5 giant cockroaches
  16 goblins
  7 hobgoblins
  3 jackals (D:3)
  6 quokkas
  4 ball pythons
  3 bats
  A frilled lizard (D:1)
  8 kobolds
  3 rats (D:1)
101 creatures vanquished.

Table legend:
 A = Non-vault XP
 B = Vault XP
 C = Vault XP percentage of total XP
 D = Non-vault monster count
 E = Vault monster count
 F = Vault count percentage of total count
                 A         B        C        D         E       F
            +---------+---------+-------+---------+---------+-------
      Total |    1287 |     875 |  40.5 |      65 |      36 |  35.6
            +---------+---------+-------+---------+---------+-------
        D:1 |      21 |       0 |   0.0 |      15 |       0 |   0.0
        D:2 |       8 |     231 |  96.7 |       5 |       1 |  16.7
        D:3 |      94 |     102 |  52.0 |      16 |      22 |  57.9
        D:4 |     145 |       0 |   0.0 |       7 |       0 |   0.0
        D:5 |     622 |      12 |   1.9 |      17 |       6 |  26.1
        D:6 |     397 |     390 |  49.6 |       5 |       4 |  44.4
      Sewer |       0 |     140 | 100.0 |       0 |       3 | 100.0
            +---------+---------+-------+---------+---------+-------

Skill      XL: |  1  2  3  4  5  6  7  8 |
---------------+-------------------------+-----
Stealth        | 1 2 4 8 12 | 12.1
Shapeshifting  | 5 6 |  6.0
Fighting       | |  1.0
Dodging        | |  2.3
Unarmed Combat | |  3.0

Action                     |  1- 3 |  4- 6 |  7- 9 || total
---------------------------+-------+-------+-------++-------
  Melee: Unarmed           |    37 |    99 |    87 ||   223
         Constrict         |     3 |    32 |    16 ||    51
         Tentacles         |     2 |    14 |    21 ||    37
         Punch             |       |     7 |     2 ||     9
  Evoke: Wand              |       |       |     7 ||     7
    Use: Potion            |     1 |     1 |     4 ||     6
         Scroll            |       |    11 |     2 ||    13
   Stab: Sleeping          |     6 |    11 |    12 ||    29
 Armour: Skin              |     8 |    18 |    27 ||    53
  Dodge: Dodged            |    11 |    82 |    48 ||   141
  Block: Other             |       |       |     4 ||     4

Illustrated notes

Table legend:
 A = Kills in this place as a percentage of kills in the entire game.
 B = Kills by you in this place as a percentage of kills by you in the entire game.
 C = Kills by friends in this place as a percentage of kills by friends in the entire game.
 D = Other kills in this place as a percentage of other kills in the entire game.
 E = Experience gained in this place as a percentage of experience gained in the entire game.
 F = Experience gained in this place divided by the number of levels of this place that you have seen.
                   A       B       C       D       E      F
               +-------+-------+-------+-------+-------+----------------------
         Total | 100.0 | 100.0 |   N/A |   N/A | 100.0 | 270.2
       Dungeon |  97.0 |  97.0 |   N/A |   N/A |  93.5 | 337.0
         Sewer |   3.0 |   3.0 |   N/A |   N/A |   6.5 | 140.0
               +-------+-------+-------+-------+-------+----------------------

Table legend: (Time is in decaauts)
 A = Elapsed time spent in this place.
 B = Non-inter-level travel time spent in this place.
 C = Inter-level travel time spent in this place.
 D = Time resting spent in this place.
 E = Time spent auto-exploring this place.
 F = Levels seen in this place.
 G = Mean time per level.
                   A        B        C        D        E       F      G
               +--------+--------+--------+--------+--------+-----+--------+
         Total |   4576 |   4406 |    170 |     83 |   3354 |   8 |  572.0 |
       Dungeon |   4411 |   4245 |    166 |     83 |   3243 |   6 |  735.2 |
        Temple |     11 |      7 |      4 |      0 |      0 |   1 |   11.0 |
         Sewer |    153 |    153 |      0 |      0 |    111 |   1 |  153.0 |
               +--------+--------+--------+--------+--------+-----+--------+

Top non-repeatable levels by time:
     D:3: 1171 daAuts
     D:4: 835 daAuts
     D:5: 766 daAuts
     D:1: 743 daAuts
     D:6: 502 daAuts
     D:2: 391 daAuts
   Sewer: 153 daAuts
  Temple: 11 daAuts
